 Dungeon Crawl Stone Soup version 0.31-a0-150-g89dc3ad700 (webtiles) character file.

Game seed: 761995352846970517

270 zazu2006 the Slasher (level 6, -3/40 (44) HPs)
             Began as a Gnoll Wanderer on June 9, 2023.
             Slain by a gnoll
             ... wielding a +0 halberd
              (11 damage)
             ... on level 3 of the Dungeon.
             The game lasted 00:05:27 (2417 turns).

zazu2006 the Slasher (Gnoll Wanderer)               Turns: 2417, Time: 00:05:27

HP:   -3/40 (44)    AC:  4    Str: 11    XL:     6   Next: 22%
MP:   11/11         EV: 14    Int: 11    God:
Gold: 138           SH:  0    Dex: 14    Spells: 10/11 levels left

rFire   . . .        a - +0 falchion
rCold   . . .        (no shield)
rNeg    . . .        d - +0 robe
rPois   .            (no helmet)
rElec   .            h - +0 cloak
rCorr   .            (no gloves)
SInv    .            b - +0 pair of boots
Will    .....        (no amulet)
Stlth   ++           (no ring)
HPRegen 0.26/turn    (no ring)
MPRegen 0.12/turn

%: no passive effects
@: drained
A: fangs 1, strong nose, distributed training
a: no special abilities


You were on level 3 of the Dungeon.
You visited 1 branch of the dungeon, and saw 3 of its levels.

You collected 138 gold pieces.

Inventory:

Hand Weapons
 a - a +0 falchion (weapon)
Armour
 b - a +0 pair of boots (worn)
 d - a +0 robe (worn)
 h - a +0 cloak (worn)
Magical Staves
 j - a staff of conjuration
Wands
 i - a wand of polymorph (4)
Scrolls
 f - 3 scrolls of identify {unknown}
 k - 2 scrolls of enchant weapon {unknown}
 l - a scroll of torment {unknown}
 m - a scroll of fear {unknown}
 n - a scroll of noise {unknown}
 p - a scroll of teleportation {unknown}
Potions
 c - a potion of attraction
 e - 2 potions of degeneration {unknown}
 g - a potion of resistance {unknown}
 o - a potion of enlightenment {unknown}
 q - a potion of brilliance {unknown}


   Skills:
 + Level 2.0 Fighting
 + Level 2.0 Short Blades
 + Level 6.8 Long Blades
 + Level 2.0 Axes
 + Level 2.0 Maces & Flails
 + Level 2.0 Polearms
 + Level 2.0 Staves
 + Level 2.0 Ranged Weapons
 + Level 2.0 Throwing
 + Level 3.2 Armour
 + Level 5.0 Dodging
 + Level 2.0 Stealth
 + Level 2.0 Shields
 + Level 2.0 Unarmed Combat
 + Level 3.4 Spellcasting
 + Level 1.5 Conjurations
 + Level 1.5 Hexes
 + Level 1.5 Summonings
 + Level 4.1 Necromancy
 + Level 1.5 Translocations
 + Level 1.5 Transmutations
 + Level 1.5 Fire Magic
 + Level 1.5 Ice Magic
 + Level 1.5 Air Magic
 + Level 1.5 Earth Magic
 + Level 1.5 Poison Magic
 + Level 2.1 Invocations
 + Level 3.2 Evocations


You had 10 spell levels left.
You knew the following spells:

 Your Spells              Type           Power      Damage    Failure   Level
a - Kiss of Death         Conj/Necr      32%        2d7       8%          1

Your spell library contained the following spells:

 Spells                   Type           Power      Damage    Failure   Level
 Sublimation of Blood     Necr           10%        N/A       7%          2
 Dispel Undead            Necr           10%        3d9       43%         4


Dungeon Overview and Level Annotations

Branches:
Dungeon (3/15)

Altars:
Sif Muna

Shops:
D:3 (


Innate Abilities, Weirdness & Mutations

You have very sharp teeth.
Your uncanny sense of smell can sniff out nearby items.
Your experience applies equally to all skills.


Message History

The gnoll is heavily wounded.
The gnoll closely misses you.
You closely miss the gnoll.
The gnoll is heavily wounded.
The gnoll hits you with a +0 flail.
You hit the gnoll.
The gnoll is almost dead.
The gnoll barely misses you.
You completely miss the gnoll.
The gnoll is almost dead.
The gnoll hits you with a +0 flail!
You hit the gnoll but do no damage. You punch the gnoll.
The gnoll is almost dead.
The gnoll closely misses you.
You hit the gnoll but do no damage.
The gnoll is almost dead.
The gnoll closely misses you.
You hit the gnoll.
You kill the gnoll!
Your Fighting skill increases to level 2!
Your Short Blades skill increases to level 2!
Your Axes skill increases to level 2!
Your Maces & Flails skill increases to level 2!
Your Polearms skill increases to level 2!
Your Staves skill increases to level 2!
Your Ranged Weapons skill increases to level 2!
Your Throwing skill increases to level 2!
Your Stealth skill increases to level 2!
Your Shields skill increases to level 2!
Your Unarmed Combat skill increases to level 2!
Unknown command.
The gnoll hits you from afar with a +0 halberd.
The gnoll hits you with a +0 halberd!
* * * LOW HITPOINT WARNING * * *
Things that are here:
a +0 flail; a +0 spear You hit the gnoll but do no damage.
You bite the gnoll.
The gnoll is lightly wounded.
The gnoll hits you with a +0 halberd!
You die...

.....# #.# #.# #.#..
#.##.# #.# #.# #.#..
#.##.# #.# #g# .....
..##.######.# ##h## .....
...)).).....# ##...##
##.#.#
####[############.###.# .
..#.# ####.##...........#
#...# #.#.#
........#.#######.###.#.#
#######..##
#...@g....>... #..#
#.###..####.##. #..# #.#
#..# # #..####.# #..#
#######.......#
#..#######
........#######
#......... #########
##.####### ........#
##...##
#######.########.....#


You could see a gnoll.

Vanquished Creatures
  A sky beast (D:3)
  An orc priest (D:3)
  An orc wizard (D:3)
  4 gnolls (D:3)
  4 adders
  A dart slug (D:1)
  4 orcs (D:3)
  5 bats
  4 endoplasms
  3 giant cockroaches
  3 goblins
  4 hobgoblins (D:2)
  A jackal (D:3)
  3 kobolds
  3 ball pythons
  3 frilled lizards
  5 rats
50 creatures vanquished.

Notes
Turn   | Place    | Note
-------+----------+-------------------------------------------
     0 | D:1      | zazu2006 the Gnoll Wanderer began the quest for the Orb.
     0 | D:1      | zazu2006 set off with the following items: a +0 falchion, a
                  | +0 pair of boots, a potion of attraction, a +0 robe; and
                  | the following spell memorised: Kiss of Death; and the
                  | following spells available to memorise: Sublimation of
                  | Blood, Dispel Undead.
     0 | D:1      | Reached XP level 1. HP: 13/13 MP: 4/4
   185 | D:1      | Reached XP level 2. HP: 19/19 MP: 5/5
   512 | D:2      | Reached XP level 3. HP: 21/25 MP: 7/7
   768 | D:2      | Reached skill level 1 in Invocations
   997 | D:2      | Reached skill level 1 in Fighting
   997 | D:2      | Reached skill level 1 in Short Blades
   997 | D:2      | Reached skill level 1 in Axes
   997 | D:2      | Reached skill level 1 in Maces & Flails
   997 | D:2      | Reached skill level 1 in Polearms
   997 | D:2      | Reached skill level 1 in Staves
   997 | D:2      | Reached skill level 1 in Ranged Weapons
   997 | D:2      | Reached skill level 1 in Throwing
   997 | D:2      | Reached skill level 1 in Stealth
   997 | D:2      | Reached skill level 1 in Shields
   997 | D:2      | Reached skill level 1 in Unarmed Combat
  1381 | D:3      | Found a shimmering blue altar of Sif Muna.
  1430 | D:3      | Found Pokyuc's Antique Weapon Shop.
  1486 | D:3      | Noticed an ogre
  1498 | D:3      | an ogre changed into a sky beast
  1498 | D:3      | Noticed a sky beast
  1509 | D:3      | Killed a sky beast
  1510 | D:3      | Reached skill level 1 in Conjurations
  1510 | D:3      | Reached skill level 1 in Hexes
  1510 | D:3      | Reached skill level 1 in Summonings
  1510 | D:3      | Reached skill level 1 in Translocations
  1510 | D:3      | Reached skill level 1 in Transmutations
  1510 | D:3      | Reached skill level 1 in Fire Magic
  1510 | D:3      | Reached skill level 1 in Ice Magic
  1510 | D:3      | Reached skill level 1 in Air Magic
  1510 | D:3      | Reached skill level 1 in Earth Magic
  1510 | D:3      | Reached skill level 1 in Poison Magic
  1510 | D:3      | Reached XP level 4. HP: 20/32 MP: 6/8
  1510 | D:3      | Reached XP level 5. HP: 23/37 MP: 6/9
  1683 | D:3      | HP: 1/30 [orc/+0 whip (5)]
  1822 | D:3      | Noticed an ice beast
  2058 | D:3      | Reached XP level 6. HP: 23/38 MP: 11/11
  2404 | D:3      | Reached skill level 5 in Dodging
  2417 | D:3      | Slain by a gnoll

Illustrated notes

Levels and vault maps discovered:
D:1:      pf_arrival_petrified_forest, layout_rooms
D:2:      layout_basic
D:3:      layout_loops_ring, mainiacjoe_overflow_paths, serial_shops, shop

Skill      XL: |  1  2  3  4  5  6 |
---------------+-------------------+-----
Invocations    | 1 2 |  2.1
Fighting       | 1 2 |  2.0
Short Blades   | 1 2 |  2.0
Axes           | 1 2 |  2.0
Maces & Flails | 1 2 |  2.0
Polearms       | 1 2 |  2.0
Staves         | 1 2 |  2.0
Ranged Weapons | 1 2 |  2.0
Throwing       | 1 2 |  2.0
Stealth        | 1 2 |  2.0
Shields        | 1 2 |  2.0
Unarmed Combat | 1 2 |  2.0
Armour         | 3 |  3.2
Spellcasting   | 3 |  3.4
Conjurations   | 1 |  1.5
Hexes          | 1 |  1.5
Summonings     | 1 |  1.5
Translocations | 1 |  1.5
Transmutations | 1 |  1.5
Fire Magic     | 1 |  1.5
Ice Magic      | 1 |  1.5
Air Magic      | 1 |  1.5
Earth Magic    | 1 |  1.5
Poison Magic   | 1 |  1.5
Evocations     | 3 |  3.2
Necromancy     | 4 |  4.1
Dodging        | 5 |  5.0
Long Blades    | |  6.8

Action                     |  1- 3 |  4- 6 || total
---------------------------+-------+-------++-------
  Melee: Falchion          |   111 |    91 ||   202
         Bite              |    15 |    14 ||    29
         Punch             |       |     2 ||     2
   Cast: Kiss of Death     |     3 |     2 ||     5
  Evoke: Wand              |     1 |     1 ||     2
   Stab: Sleeping          |     4 |     2 ||     6
         Distracted        |     1 |       ||     1
 Armour: Robe              |    24 |    12 ||    36
  Dodge: Dodged            |    59 |    68 ||   127

Table legend: (Time is in decaauts)
 A = Elapsed time spent in this place.
 B = Non-inter-level travel time spent in this place.
 C = Inter-level travel time spent in this place.
 D = Time resting spent in this place.
 E = Time spent auto-exploring this place.
 F = Levels seen in this place.
 G = Mean time per level.
                   A        B        C        D        E       F      G
               +--------+--------+--------+--------+--------+-----+--------+
         Total |   2410 |   2328 |     82 |    114 |   1666 |   3 |  803.3 |
       Dungeon |   2410 |   2328 |     82 |    114 |   1666 |   3 |  803.3 |
               +--------+--------+--------+--------+--------+-----+--------+

Top non-repeatable levels by time:
     D:3: 1008 daAuts
     D:2: 897 daAuts
     D:1: 505 daAuts
